 Dungeon Crawl Stone Soup version 0.30-a0-632-g346586fe48 (webtiles) character file.

Game seed: 12477729856959166773

36 OTABOTABOTAB the Conjurer (level 3, -1/19 HPs)
             Began as a Deep Elf Conjurer on Jan 13, 2023.
             Slain by Sigmund
             ... wielding a +0 scythe
              (2 damage)
             ... on level 2 of the Dungeon.
             The game lasted 00:02:13 (1326 turns).

OTABOTABOTAB the Conjurer (Deep Elf Conjurer)       Turns: 1326, Time: 00:02:14

Health: -1/19      AC:  2    Str:  4    XL:     3   Next: 19%
Magic:  3/10       EV: 12    Int: 24    God:
Gold:   37         SH:  0    Dex: 13    Spells: 6/9 levels left

rFire   . . .      SeeInvis .    b - staff of earth
rCold   . . .      Faith    .    (no shield)
rNeg    . . .      Spirit   .    a - +0 robe
rPois   .          Reflect  .    (no helmet)
rElec   .          Harm     .    (no cloak)
rCorr   .          Rampage  .    (no gloves)
Will    .....                    (no boots)
Stlth   ++                       (no amulet)
HPRegen 0.23/turn                (no ring)
MPRegen 0.12/turn                (no ring)

@: no status effects
A: no striking features
a: no special abilities


You were on level 2 of the Dungeon.
You visited 1 branch of the dungeon, and saw 2 of its levels.

You collected 37 gold pieces.

Inventory:

Missiles
 e - 5 poisoned darts
 s - 14 stones
Armour
 a - a +0 robe (worn)
Magical Staves
 b - a staff of earth (weapon)
   (You found it on level 1 of the Dungeon)
Scrolls
 d - a scroll of teleportation {unknown}
 f - a scroll of immolation {unknown}
 g - 2 scrolls of identify {unknown}
 h - a scroll of enchant armour {unknown}
 i - a scroll of poison {unknown}
Potions
 c - a potion of mutation {unknown}
 M - a potion of magic


   Skills:
 + Level 3.0 Dodging
 + Level 3.1 Stealth
 + Level 3.6 Spellcasting
 + Level 4.7 Conjurations


You had 6 spell levels left.
You knew the following spells:

 Your Spells              Type           Power      Damage    Failure   Level
a - Magic Dart            Conj           100%       1d8       1%          1
b - Searing Ray           Conj           54%        2d6       2%          2

Your spell library contained the following spells:

 Spells                   Type           Power      Damage    Failure   Level
 Dazzling Flash           Conj/Hex       30%        N/A       12%         3
 Fulminant Prism          Conj/Hex       7%         3d6       36%         4
 Iskenderun's Mystic Bla  Conj/Tloc      15%        2d5       36%         4


Dungeon Overview and Level Annotations

Branches:
Dungeon (2/15)

Altars:

Annotations:
D:2 Sigmund


Message History

The magic dart hits the ball python.
You kill the ball python!
You now have 6/8 mp.
No target in view!
No target in view!
No target in view!
A giant cockroach comes into view.
MP restored: 8 The magic dart hits the giant cockroach but does no damage.
You now have 7/8 mp.
The magic dart hits the giant cockroach.
You kill the giant cockroach!
You now have 6/8 mp.
No target in view!
You see here a giant cockroach corpse.
Done exploring.
MP restored: 8 No target in view!
Done exploring.
Done exploring.
Done exploring.
Done exploring.
(D) Dungeon
Where to? (? - help)
There is an open door here.
There is a fountain of clear blue water here.
There is an open door here.
There is a stone staircase leading down here.
You climb downwards.
There is a stone staircase leading up here.
s - 7 stones (gained 3)
You now have 37 gold pieces (gained 7).
s - 14 stones (gained 7)
A giant cockroach comes into view.
The magic dart hits the giant cockroach but does no damage.
You now have 7/8 mp.
You miscast Magic Dart.
You are very lightly contaminated with residual magic.
Nothing appears to happen.
You now have 6/8 mp.
The magic dart hits the giant cockroach.
You kill the giant cockroach!
Your Dodging skill increases to level 3!
You now have 5/8 mp.
No target in view!
No target in view!
Your magical contamination has completely faded away.
An adder comes into view.
MP restored: 8 You miscast Magic Dart.
You are very lightly contaminated with residual magic.
Nothing appears to happen.
You now have 7/8 mp.
The magic dart hits the adder.
You now have 6/8 mp.
The magic dart hits the adder.
You now have 5/8 mp.
The magic dart hits the adder.
You now have 4/8 mp.
The magic dart hits the adder.
You kill the adder!
You have reached level 3!
Your experience leads to an increase in your attributes!
Increase (s)trength, (i)ntelligence, or (d)exterity?
You feel clever. x2
Health restored: 19 You now have 3/10 mp.
Your magical contamination has completely faded away.
You see here an adder corpse.
Found a stone staircase leading up.
MP restored: 10 Sigmund the Dreaded comes into view.
He is wielding a +0 scythe.
Sigmund gestures wildly while chanting.
Sigmund flickers and vanishes!
Deactivating autopickup; reactivate with Ctrl-A.
The searing ray hits something. (Press . to maintain the ray.)
An endoplasm comes into view.
You now have 8/10 mp.
A magic dart appears from out of thin air!
The magic dart hits you!
You take 8 damage, and have 11/19 hp.
MASSIVE DAMAGE!!
You now have 7/10 mp.
The searing ray hits something!
You now have 6/10 mp.
You finish channelling your searing ray.
The endoplasm quivers.
Something hits you!
Ouch! That really hurt!
* * * LOW HITPOINT WARNING * * *
You take 11 damage, and have 1/19 hp.
MASSIVE DAMAGE!!
You now have 5/10 mp.
Aim: an endoplasm (98% to hit)
The searing ray hits something!
The searing ray hits the endoplasm!
You kill the endoplasm! (Press . to maintain the ray.)
Something hits you.
You die...

.... ... .. ..# .
#< #.# ### .## #.
#.# #.. ..# #.
##.######.# #.#
#.##.........# #{#
#.#.....####.###.#
#.#.###.####....@#
#.#.# #.........##
#...###.######..#
###.....# #..#
####†.#.# #..#
........# #..#
........######..#
................#
####.#.########.#


There were no monsters in sight!

Vanquished Creatures
  An adder (D:2)
  2 ball pythons (D:1)
  An endoplasm (D:2)
  3 giant cockroaches
  3 goblins (D:1)
  3 hobgoblins (D:1)
  2 quokkas (D:1)
  2 bats (D:1)
  A frilled lizard (D:1)
  5 kobolds (D:1)
  3 rats (D:1)
26 creatures vanquished.

Notes
Turn   | Place    | Note
-------+----------+-------------------------------------------
     0 | D:1      | OTABOTABOTAB the Deep Elf Conjurer began the quest for the
                  | Orb.
     0 | D:1      | Reached XP level 1. HP: 10/10 MP: 6/6
   315 | D:1      | Reached XP level 2. HP: 15/15 MP: 4/8
   318 | D:1      | Learned a level 2 spell: Searing Ray
   873 | D:1      | Reached skill level 3 in Stealth
  1208 | D:2      | Reached skill level 3 in Dodging
  1241 | D:2      | Reached XP level 3. HP: 19/19 MP: 3/10
  1320 | D:2      | Noticed Sigmund
  1324 | D:2      | HP: 1/19 [something (11)]
  1326 | D:2      | Slain by Sigmund

Illustrated notes

Levels and vault maps discovered:
D:1:      giann_bridges, layout_basic, dk_noncrumbling_4, grunt_decor_clamped
D:2:      layout_loops_ring, basic_altar, minmay_tetromino_s2, uniq_sigmund

Skill      XL: |  1  2 |
---------------+-------+-----
Stealth        | 3 |  3.1
Dodging        | 3 |  3.0
Spellcasting   | |  3.6
Conjurations   | |  4.7

Action                   || total
-------------------------++-------
Melee: Staff             ||     3
 Cast: Magic Dart        ||    47
       Searing Ray       ||     2
Dodge: Dodged            ||     3

Table legend: (Time is in decaauts)
 A = Elapsed time spent in this place.
 B = Non-inter-level travel time spent in this place.
 C = Inter-level travel time spent in this place.
 D = Time resting spent in this place.
 E = Time spent auto-exploring this place.
 F = Levels seen in this place.
 G = Mean time per level.
                   A        B        C        D        E       F      G
               +--------+--------+--------+--------+--------+-----+--------+
         Total |   1325 |   1280 |     45 |      0 |   1180 |   2 |  662.5 |
       Dungeon |   1325 |   1280 |     45 |      0 |   1180 |   2 |  662.5 |
               +--------+--------+--------+--------+--------+-----+--------+

Top non-repeatable levels by time:
     D:1: 1187 daAuts
     D:2: 138 daAuts

Table legend:
 A = Kills in this place as a percentage of kills in entire the game.
 B = Kills by you in this place as a percentage of kills by you in the entire game.
 C = Kills by friends in this place as a percentage of kills by friends in the entire game.
 D = Other kills in this place as a percentage of other kills in the entire game.
 E = Experience gained in this place as a percentage of experience gained in the entire game.
 F = Experience gained in this place divided by the number of levels of this place that you have seen.
                   A       B       C       D       E      F
               +-------+-------+-------+-------+-------+----------------------
         Total | 100.0 | 100.0 |   N/A |   N/A | 100.0 |  27.0
       Dungeon | 100.0 | 100.0 |   N/A |   N/A | 100.0 |  27.0
               +-------+-------+-------+-------+-------+----------------------
